 Dungeon Crawl Stone Soup version 0.22-b1-21-g5cfc168 (webtiles) character file.

53580 Lilu the Devastator (level 14, -5/84 HPs)
             Began as a Deep Elf Conjurer on Aug 5, 2018.
             Was a High Priest of Vehumet.
             Slain by a naga mage
             ... wielding a +0 spear
              (15 damage)
             ... on level 1 of the Snake Pit.
             The game lasted 01:58:10 (23323 turns).

Lilu the Devastator (Deep Elf Conjurer)            Turns: 23323, Time: 01:58:12

Health: -5/84      AC: 15    Str:  8    XL:     14   Next: 31%
Magic:  20/44      EV: 17    Int: 27    God:    Vehumet [*****.]
Gold:   1131       SH:  0    Dex: 15    Spells: 24/44 levels left

rFire    . . .     SeeInvis .   n - +1 battleaxe "Conservator" {chaos, rPois MR+ Int+4}
rCold    . . .     Gourm    .   (shield currently unavailable)
rNeg     . . .     Faith    .   s - +0 troll leather armour
rPois    +         Spirit   .   R - +2 helmet
rElec    .         Reflect  .   r - +0 cloak
rCorr    .         Harm     .   b - +2 pair of gloves
MR       +++..                  f - +2 pair of boots {run}
Stlth    ++........             F - amulet of magic regeneration
HPRegen  0.64/turn              U - ring of protection from magic
MPRegen  0.54/turn              A - ring of magical power

@: quick
A: blurry vision 1
a: Renounce Religion


You were on level 1 of the Snake Pit.
You worshipped Vehumet.
Vehumet was extremely pleased with you.
You were not hungry.

You visited 5 branches of the dungeon, and saw 20 of its levels.
You also visited: Sewer and Ossuary.

You collected 1131 gold pieces.

Inventory:

Hand Weapons
 n - the +1 battleaxe "Conservator" (weapon) {chaos, rPois MR+ Int+4}
   (You subdued it on level 5 of the Lair of Beasts)

   Each time it hits an enemy it has a different, random effect.
   It affects your intelligence (+4).
   It protects you from poison.
   It affects your resistance to hostile enchantments.
Missiles
 p - 464 stones (quivered)
Armour
 b - a +2 pair of gloves (worn)
 f - a +2 pair of boots of running (worn)
 r - a +0 cloak (worn)
 s - a +0 troll leather armour (worn)
 R - a +2 helmet (worn)
Magical Staves
 o - an uncursed staff of fire
 S - an uncursed staff of conjuration
Jewellery
 A - a ring of magical power (right hand)
 F - an amulet of magic regeneration (around neck)
 U - a ring of protection from magic (left hand)
Wands
 a - a wand of disintegration (19)
 z - a wand of paralysis (13)
 I - a wand of flame (64)
 M - a wand of acid (5)
 O - a wand of enslavement (12)
 P - a wand of iceblast (20)
Scrolls
 e - 6 scrolls of immolation
 g - 4 scrolls of fear
 h - 7 scrolls of remove curse
 j - 9 scrolls of enchant weapon
 l - 4 scrolls of teleportation
 y - 6 scrolls of magic mapping
 D - 7 scrolls of amnesia
 E - 2 scrolls of enchant armour
 H - 2 scrolls of summoning {unknown}
 L - a scroll of holy word {unknown}
 Q - a scroll of acquirement {unknown}
 T - 6 scrolls of blinking {unknown}
 V - 2 scrolls of torment {unknown}
 Z - 2 scrolls of identify
Potions
 d - a potion of berserk rage {unknown}
 i - 6 potions of curing
 k - 7 potions of flight
 m - 4 potions of lignification {unknown}
 q - 5 potions of heal wounds {unknown}
 u - a potion of resistance {unknown}
 x - 2 potions of agility {unknown}
 B - a potion of cancellation {unknown}
 C - 2 potions of brilliance {unknown}
 G - 7 potions of might {unknown}
 N - 2 potions of invisibility {unknown}
 W - a potion of mutation {unknown}
 Y - 2 potions of haste {unknown}
Miscellaneous
 t - a phial of floods
 v - 2 phantom mirrors
Comestibles
 c - 27 rations


   Skills:
 - Level 8.0 Fighting
 - Level 4.0 Armour
 - Level 8.3 Dodging
 - Level 2.4 Stealth
 + Level 15.6 Spellcasting
 - Level 16.0 Conjurations
 - Level 4.0 Summonings
 - Level 10.0 Fire Magic
 - Level 4.0 Air Magic


You had 24 spell levels left.
You knew the following spells:

 Your Spells              Type           Power        Failure   Level  Hunger
a - Magic Dart            Conj           ####         0%          1    None
b - Searing Ray           Conj           ######       0%          2    None
c - Iskenderun's Mystic   Conj           #######.     1%          4    None
d - Flame Tongue          Conj/Fire      #####        0%          1    None
e - Conjure Flame         Conj/Fire      ######..     1%          3    None
f - Mephitic Cloud        Conj/Pois/Air  ######..     1%          3    None
g - Summon Butterflies    Summ           #####...     1%          1    None
h - Lightning Bolt        Conj/Air       ######....   1%          5    None

Your spell library contained the following spells:

 Spells                   Type           Power        Failure   Level  Hunger
 Slow                     Hex            ###.....     5%          2    None
 Venom Bolt               Conj/Pois      ######....   1%          5    None
 Olgreb's Toxic Radiance  Pois           ###.....     10%         4    None
 Blink                    Tloc           N/A          5%          2    None
 Animate Dead             Necr           N/A          34%         4    None
 Pain                     Necr           ###.         3%          1    None
 Animate Skeleton         Necr           N/A          3%          1    None
 Vampiric Draining        Necr           ###.......   11%         3    None
 Summon Ice Beast         Ice/Summ       ####....     14%         4    None
 Call Imp                 Summ           #####...     1%          2    None
 Regeneration             Chrm/Necr      ###.......   11%         3    None
 Sting                    Conj/Pois      ####         1%          1    None
 Call Canine Familiar     Summ           #####...     1%          3    None
 Summon Hydra             Summ           #####.....   99%         7    #####..
 Fulminant Prism          Conj/Hex       ######....   1%          4    None
 Dazzling Spray           Conj/Hex       ######       1%          3    None
 Force Lance              Conj/Tloc      ######..     1%          4    None
 Summon Mana Viper        Hex/Summ       ####....     38%         5    None
 Poisonous Vapours        Pois/Air       ####..       2%          2    None


Dungeon Overview and Level Annotations

Branches:
Dungeon (11/15)            Temple (1/1) D:4            Lair (6/6) D:8
  Swamp (0/4) Lair:2        Snake (1/4) Lair:4        Slime (1/5) Lair:6
    Orc (0/2) D:11

Altars:
Ashenzari
Cheibriados
Dithmenos
Elyvilon
Fedhas
Gozag
Hepliaklqana
Kikubaaqudgha
Makhleb
Nemelex Xobeh
Okawaru
Qazlal
Ru
Sif Muna
Trog
Vehumet
Wu Jian
Xom
Yredelemnul
The Shining One
Jiyva

Shops:
D:6 [   D:9 (

Annotations:
D:8 3 runed doors, Gorglomux's ghost, novice DDFi; Neynid's ghost, novice MiFi


Innate Abilities, Weirdness & Mutations

Scrolls take you a little longer to read.


Message History

The guardian serpent hits you but does no damage.
The naga mage hits you with a spear!
* * * LOW HITPOINT WARNING * * *
The naga mage constricts you.
The mana viper completely misses your butterfly.
You escape the naga mage's grasp.
The naga mage casts a spell at you.
The bolt of poison hits the guardian serpent.
The guardian serpent is poisoned.
The bolt of poison hits you! You resist. The guardian serpent hits you!!
* * * LOW HITPOINT WARNING * * *
Items here: )) [ †† a mace; a robe; a mace; a naga corpse x2
You feel better. The naga mage closely misses you.
The guardian serpent hits you!
* * * LOW HITPOINT WARNING * * *
A naga mage comes into view. It is wielding a spear.
You feel better.
The naga mage hits you from afar with a spear!
You die...

...... # #########
..... # #.......#
##.... # #.......#
N.b.. # #.......#
#.b. ..
###.......#
#..##.S..
..........#
#N.......
..........### #S#
.........!..####@#
.................#
.).######....#####
...# #.......#
.>.# #.###+#.#
##.# # #.# #.# #.#
..# ###


You could see a guardian serpent and 2 naga magi.

Vanquished Creatures
  The ghost of Soucec the Fencer, a journeyman MiFi of Okawaru (Lair:5)
  A dire elephant (Lair:3)
  5 hydras
  A catoblepas (Lair:6)
  A deep troll shaman (Lair:6)
  6 death yaks (Lair:6)
  A two-headed ogre (D:9)
  A dancing weapon (Lair:5)
  The ghost of Lilu the Destroyer, a novice DECj of Vehumet (D:9)
  5 oklob plants
  A black mamba (Lair:6)
  26 elephants
  9 spiny frogs
  A gargoyle (D:11)
  A torpor snail (Lair:6)
  8 komodo dragons
  A kobold demonologist (D:11)
  4 rime drakes
  3 polar bears
  2 trolls
  16 blink frogs
  12 dream sheep
  Grinder (D:3)
  5 slime creatures
  4 hippogriffs
  Prince Ribbit (Lair:5)
  2 spriggans
  2 wyverns
  3 wraiths (D:9)
  A basilisk (Lair:2)
  25 yaks
  2 hungry ghosts
  2 wargs (D:8)
  An acid dragon (D:9)
  8 nagas
  A two-headed ogre zombie (D:11)
  8 porcupines
  14 water moccasins
  Duvessa (D:6)
  3 sky beasts
  2 necrophages
  4 orc warriors
  2 black bears (Lair:6)
  4 phantoms
  An eye of draining (D:11)
  5 ogres
  6 wolves (Lair:6)
  4 centaurs
  12 crocodiles
  5 big kobolds
  An elf zombie (Ossuary)
  18 bullfrogs
  Blork the orc (D:6)
  Dowan (D:6)
  A wyvern skeleton (D:10)
  4 scorpions
  A troll zombie (D:11)
  12 killer bees
  3 howler monkeys
  3 wights (D:9)
  2 crimson imps
  5 jellies
  5 hounds
  2 human zombies (Ossuary)
  3 bullfrog skeletons
  6 orc priests
  2 centaur skeletons
  A gnoll shaman (D:8)
  3 orc wizards
  9 iguanas
  3 worker ants
  A big kobold zombie (Ossuary)
  3 ogre zombies (D:11)
  A hound zombie (D:10)
  2 hound skeletons
  2 mummies (Ossuary)
  A howler monkey zombie (D:5)
  2 worker ant zombies
  A howler monkey skeleton (D:4)
  4 gnolls (D:8)
  12 adders
  3 river rats (Sewer)
  6 shadow imps
  An adder zombie (D:6)
  An ooze (D:4)
  An adder skeleton (D:9)
  2 worms
  A dart slug (D:2)
  7 leopard geckos
  31 orcs
  9 bats
  8 giant cockroaches
  11 goblins
  10 hobgoblins
  16 jackals
  4 quokkas
  3 frilled lizards
  3 goblin skeletons (D:11)
  4 goblin zombies (D:11)
  2 hobgoblin skeletons (D:11)
  9 hobgoblin zombies
  3 jackal zombies
  25 kobolds
  12 kobold zombies (Ossuary)
  2 orc skeletons (D:11)
  15 orc zombies
  2 quokka zombies (D:5)
  10 rats
  3 rat zombies (Ossuary)
  A bush (Lair:3)
  2 fungi
  10 plants
568 creatures vanquished.

Vanquished Creatures (others)
  53 fungi
  15 plants
  19 toadstools (Lair:5)
  A withered plant (D:8)
88 creatures vanquished.

Grand Total: 656 creatures vanquished

Notes
Turn   | Place    | Note
-------+----------+-------------------------------------------
     0 | D:1      | Lilu the Deep Elf Conjurer began the quest for the Orb.
     0 | D:1      | Reached XP level 1. HP: 10/10 MP: 6/6
   309 | D:1      | Reached XP level 2. HP: 15/15 MP: 5/8
   315 | D:1      | Reached skill level 5 in Conjurations
   320 | D:1      | Learned a level 2 spell: Searing Ray
  1046 | D:2      | Reached XP level 3. HP: 19/19 MP: 4/9
  1450 | D:2      | Reached skill level 6 in Conjurations
  1563 | D:2      | Found a stormy altar of Qazlal.
  1577 | D:2      | Reached XP level 4. HP: 24/24 MP: 10/10
  1894 | D:3      | Noticed Grinder
  1990 | D:3      | Found a glowing drain.
  2041 | Sewer    | Entered a sewer
  2044 | Sewer    | Reached skill level 7 in Conjurations
  2045 | Sewer    | Reached XP level 5. HP: 28/28 MP: 6/11
  2242 | Sewer    | Found a white marble altar of Elyvilon.
  2372 | D:3      | Killed Grinder
  2372 | D:3      | Reached skill level 8 in Conjurations
  2372 | D:3      | Reached XP level 6. HP: 3/32 MP: 4/12
  2999 | D:3      | Reached skill level 9 in Conjurations
  3008 | D:3      | Reached XP level 7. HP: 27/36 MP: 2/13
  3655 | D:4      | Found a staircase to the Ecumenical Temple.
  3664 | Temple   | Entered the Ecumenical Temple
  3728 | Temple   | Became a worshipper of Vehumet
  4548 | D:5      | Entered Level 5 of the Dungeon
  4615 | D:5      | Reached skill level 10 in Conjurations
  4860 | D:5      | Found an iron altar of Okawaru.
  4953 | D:5      | Learned a level 4 spell: Iskenderun's Mystic Blast
  5418 | D:5      | Reached skill level 1 in Fighting
  5586 | D:6      | Reached XP level 8. HP: 42/44 MP: 9/14
  5754 | D:6      | Found Dasirhod's Antique Armour Shop.
  5847 | D:6      | Noticed Duvessa
  5847 | D:6      | Noticed Dowan
  5856 | D:6      | Killed Duvessa
  5858 | D:6      | Killed Dowan
  6013 | D:6      | Found a stormy altar of Qazlal.
  6204 | D:6      | Found a sand-covered staircase.
  6212 | Ossuary  | Entered an ossuary
  6255 | Ossuary  | Reached * piety under Vehumet
  6255 | Ossuary  | Offered knowledge of Flame Tongue by Vehumet.
  6261 | Ossuary  | Learned a level 1 spell: Flame Tongue
  6575 | Ossuary  | Reached ** piety under Vehumet
  6575 | Ossuary  | Offered knowledge of Freeze by Vehumet.
  6575 | Ossuary  | Reached skill level 5 in Fighting
  7141 | D:6      | Noticed Blork the orc
  7147 | D:6      | Killed Blork the orc
  7560 | D:7      | Found a hazy altar of Hepliaklqana.
  7809 | D:7      | Reached XP level 9. HP: 56/56 MP: 11/15
  8386 | D:7      | Found a blossoming altar of Fedhas.
  8724 | D:8      | Offered knowledge of Conjure Flame by Vehumet.
  8744 | D:8      | Learned a level 3 spell: Conjure Flame
  9153 | D:8      | Reached skill level 5 in Spellcasting
  9248 | D:8      | Found a staircase to the Lair.
  9342 | D:8      | Reached *** piety under Vehumet
  9921 | D:8      | Reached skill level 1 in Fire Magic
  9993 | D:8      | Found a runed gate.
  9994 | D:8      | Found a runed gate.
  9994 | D:8      | Found a runed gate.
  9996 | D:8      | Noticed Neynid's ghost (novice MiFi)
  9996 | D:8      | Noticed Gorglomux's ghost (novice DDFi)
 10056 | D:8      | Reached XP level 10. HP: 64/64 MP: 24/24
 10472 | D:9      | Found a runed gate.
 10472 | D:9      | Found a runed gate.
 10472 | D:9      | Found a runed gate.
 10511 | D:9      | Noticed Lilu's ghost (novice DECj)
 11114 | D:9      | Reached skill level 11 in Conjurations
 11348 | D:9      | Found Kufreow's Antique Weapon Emporium.
 11454 | D:9      | Reached skill level 5 in Fire Magic
 11592 | D:9      | Offered knowledge of Ignite Poison by Vehumet.
 11874 | D:9      | Noticed a two-headed ogre
 11946 | D:9      | Killed a two-headed ogre
 12373 | D:10     | Entered Level 10 of the Dungeon
 12583 | D:10     | Reached **** piety under Vehumet
 12717 | D:10     | Found a shimmering altar of Xom.
 12718 | D:10     | Found a shimmering altar of Xom.
 12725 | D:10     | Found a shimmering altar of Xom.
 12753 | D:10     | Found a shimmering altar of Xom.
 12925 | D:10     | Offered knowledge of Venom Bolt by Vehumet.
 12971 | D:10     | Learned a level 3 spell: Mephitic Cloud
 13470 | D:11     | Reached skill level 1 in Armour
 13470 | D:11     | Reached XP level 11. HP: 68/68 MP: 22/25
 13586 | D:11     | Reached skill level 12 in Conjurations
 13783 | D:11     | Found a staircase to the Orcish Mines.
 14016 | D:11     | Noticed a skeletal warrior
 14037 | D:11     | Noticed a skeletal warrior
 14287 | D:11     | Noticed a deep troll earth mage
 14340 | D:11     | Reached ***** piety under Vehumet
 14383 | D:11     | Noticed a skeletal warrior
 14383 | D:11     | Noticed a skeletal warrior
 14625 | D:9      | Offered knowledge of Sticky Flame by Vehumet.
 14626 | D:9      | Killed Lilu's ghost
 14632 | D:9      | Got a smoking marble ring
 14661 | D:9      | Identified the cursed ring of Qoocof {+Blink Str-2 Int-3 Dex+4 SInv} (You found it on level 9 of the Dungeon)
 14737 | Lair:1   | Entered Level 1 of the Lair of Beasts
 14805 | Lair:1   | Identified a +0 pair of boots of running (You found it on level 1 of the Lair of Beasts)
 14959 | Lair:1   | Reached skill level 13 in Conjurations
 15331 | Lair:1   | Noticed a seven-headed hydra
 15331 | Lair:1   | Noticed an oklob plant
 15333 | Lair:1   | Noticed an oklob plant
 15336 | Lair:1   | Noticed an oklob plant
 15343 | Lair:1   | Killed a seven-headed hydra
 15421 | Lair:1   | Killed an oklob plant
 15427 | Lair:1   | Killed an oklob plant
 15427 | Lair:1   | Reached skill level 14 in Conjurations
 15499 | Lair:1   | Killed an oklob plant
 15993 | Lair:2   | Reached XP level 12. HP: 59/73 MP: 26/26
 16078 | Lair:2   | Reached skill level 15 in Conjurations
 16449 | Lair:2   | Found a staircase to the Swamp.
 16947 | Lair:3   | Noticed Prince Ribbit
 16985 | Lair:3   | Offered knowledge of Lightning Bolt by Vehumet.
 17234 | Lair:3   | Noticed a dire elephant
 17370 | Lair:3   | Reached skill level 5 in Dodging
 17448 | Lair:3   | Killed a dire elephant
 17448 | Lair:3   | Reached skill level 16 in Conjurations
 17597 | Lair:3   | Learned a level 1 spell: Summon Butterflies
 17609 | Lair:3   | Learned a level 5 spell: Lightning Bolt
 18177 | Lair:4   | Reached skill level 1 in Summonings
 18618 | Lair:4   | Found a staircase to the Snake Pit.
 18835 | Lair:4   | Reached XP level 13. HP: 54/78 MP: 26/28
 19242 | Lair:5   | Killed Prince Ribbit
 19359 | Lair:5   | Reached skill level 10 in Spellcasting
 19401 | Lair:5   | Found a runed door.
 19403 | Lair:5   | Found a shimmering altar of Xom.
 19404 | Lair:5   | Noticed Soucec's ghost (journeyman MiFi)
 19703 | Lair:5   | Found a blossoming altar of Fedhas.
 20753 | Lair:6   | Entered Level 6 of the Lair of Beasts
 21039 | Lair:6   | Found a staircase to the Slime Pits.
 21040 | Lair:6   | Found a viscous altar of Jiyva.
 21289 | Lair:6   | Reached skill level 1 in Air Magic
 22092 | Lair:6   | Reached XP level 14. HP: 67/84 MP: 26/34
 22732 | Lair:6   | Reached skill level 10 in Fire Magic
 22735 | Lair:6   | Reached skill level 15 in Spellcasting
 22959 | Slime:1  | Entered Level 1 of the Pits of Slime
 22970 | Slime:1  | Noticed an acid blob
 22970 | Slime:1  | Gained mutation: Scrolls take you a little longer to read. [a shining eye]
 23063 | Lair:5   | Killed Soucec's ghost
 23080 | Lair:5   | Got a bone battleaxe {chaos}
 23081 | Lair:5   | Identified the +1 battleaxe "Conservator" {chaos, rPois MR+ Int+4} (You subdued it on level 5 of the Lair of Beasts)
 23195 | Snake:1  | Entered Level 1 of the Snake Pit
 23322 | Snake:1  | HP: 2/84 [guardian serpent (13)]
 23323 | Snake:1  | Slain by a naga mage

Skill      XL: |  1  2  3  4  5  6  7  8  9 10 11 12 13 14 |
---------------+-------------------------------------------+-----
Conjurations   | 5 6 7 8 9 10 11 14 16 | 16.0
Fighting       | 2 6 8 |  8.0
Spellcasting   | 8 9 14 15 | 15.6
Fire Magic     | 1 8 9 10 | 10.0
Armour         | 1 4 |  4.0
Dodging        | 8 |  8.3
Summonings     | 4 |  4.0
Air Magic      | 4 |  4.0
Stealth        | |  2.4

Action                   |  1- 3 |  4- 6 |  7- 9 | 10-12 | 13-15 || total
-------------------------+-------+-------+-------+-------+-------++-------
Melee: Club              |     5 |       |       |       |       ||     5
       Staff             |       |       |       |    30 |     9 ||    39
 Fire: Hunting sling     |    12 |    81 |   364 |   163 |       ||   620
 Cast: Magic Dart        |    68 |       |     8 |    49 |     5 ||   130
       Searing Ray       |       |    10 |    65 |    84 |     5 ||   164
       Conjure Flame     |       |       |     7 |    63 |     4 ||    74
       Iskenderun's Myst |       |       |     1 |   227 |   257 ||   485
       Mephitic Cloud    |       |       |       |    15 |    32 ||    47
       Summon Butterflie |       |       |       |     6 |    11 ||    17
       Lightning Bolt    |       |       |       |     5 |    25 ||    30
  Use: Scroll            |       |       |    11 |     8 |     4 ||    23
       Potion            |       |       |     3 |       |     2 ||     5
 Stab: Sleeping          |     2 |       |       |       |       ||     2
  Eat: Chunk             |     2 |     5 |    20 |    20 |     9 ||    56
       Ration            |       |       |     1 |     7 |     3 ||    11
Armor: Robe              |     2 |    12 |    57 |    13 |       ||    84
       Troll leather arm |       |       |       |    70 |    21 ||    91
Dodge: Dodged            |     8 |    25 |   133 |   135 |    72 ||   373
